 Dungeon Crawl Stone Soup version 0.19.1 (webtiles) character file.

253 loralnil the Shield-Bearer (level 6, -12/48 HPs)
             Began as a Formicid Fighter on Dec 10, 2016.
             Mangled by an ogre
             ... wielding a +0 giant spiked club
              (20 damage)
             ... on level 4 of the Dungeon.
             The game lasted 00:05:20 (2325 turns).

loralnil the Shield-Bearer (Formicid Fighter)       Turns: 2325, Time: 00:05:22

Health: -12/48     AC: 11    Str: 23    XL:     6   Next: 37%
Magic:  15/15      EV:  5    Int:  7    God:
Gold:   157        SH: 10    Dex: 10    Spells: 0 memorised, 5 levels left

rFire  . . .     SeeInvis +     a - +0 war axe
rCold  . . .     Gourm    .     n - +0 plate armour
rNeg   . . .     Faith    .     c - +0 shield
rPois  .         Spirit   .     (helmet unavailable)
rElec  .         Reflect  .     (no cloak)
rCorr  .         Harm     .     (no gloves)
MR     .....                    (no boots)
Stlth  ..........               (no amulet)
                                (no ring)
                                t - ring of magical power

@: no status effects
A: permanent stasis, dig shafts and tunnels, four strong arms, antennae 3
a: Dig, Shaft Self


You were on level 4 of the Dungeon.
You were not hungry.

You visited 1 branch of the dungeon, and saw 4 of its levels.

You collected 157 gold pieces.

Inventory:

Hand Weapons
 a - a +0 war axe (weapon)
Armour
 c - a +0 shield (worn)
 n - a +0 plate armour (worn)
Jewellery
 t - a ring of magical power (left hand)
Wands
 s - a wand of polymorph (1/24)
Scrolls
 b - a scroll of amnesia
 i - a scroll of noise {unknown}
 j - a scroll of enchant armour {unknown}
 l - a scroll of remove curse
 o - a scroll of magic mapping {unknown}
 p - a scroll of enchant weapon {unknown}
 q - a scroll of teleportation {unknown}
Potions
 d - a potion of might
 e - a potion of lignification
 g - 3 potions of curing
 k - 3 potions of agility
 r - a potion of ambrosia
Comestibles
 f - a bread ration
 h - a slice of pizza
 m - a royal jelly


   Skills:
 + Level 4.1 Fighting
 + Level 4.5 Axes
 + Level 4.0 Armour
 + Level 0.1 Dodging
 - Level 0.3 Stealth
 + Level 4.9 Shields


You had 5 spell levels left.
You didn't know any spells.

Dungeon Overview and Level Annotations

Branches:
Dungeon (4/15)
 Temple: D:4-7

Altars:
Dithmenos
Elyvilon


Innate Abilities, Weirdness & Mutations

You are under a permanent stasis effect.
You can dig through walls and to a lower floor.
Your four strong arms can wield two-handed weapons with a shield.
You have a pair of large antennae on your head. (SInv)


Message History

The leopard gecko hisses angrily.
The leopard gecko bites you but does no damage.
You completely miss the leopard gecko.
The leopard gecko bites you but does no damage.
You slash the leopard gecko!
You kill the leopard gecko!
You see here a leopard gecko corpse.
An ogre comes into view. It is wielding a giant spiked club.
The ogre shouts!
You barely miss the ogre.
The ogre hits you with a giant spiked club!!
Ouch! That really hurt!
You completely miss the ogre.
The ogre hits you with a giant spiked club!
* * * LOW HITPOINT WARNING * * *
Your shield and plate armour prevent you from hitting the ogre.
You block the ogre's attack.
Your shield and plate armour prevent you from hitting the ogre.
The ogre hits you with a giant spiked club!!
You die...

#. #. #. #. #
#.#. #..# #.O#
#.@# .
#..########...
#.............
##.#..†.....#
##.#.########
#.......#
#.......#
#.......#
#.......#####


You could see an ogre.

Vanquished Creatures
  An ogre (D:3)
  An orc wizard (D:3)
  Ijyb (D:3)
  Terence (D:3)
  3 adders
  A dart slug (D:3)
  A worm (D:2)
  8 leopard geckos
  2 orcs (D:3)
  5 bats
  3 giant cockroaches (D:3)
  7 goblins
  12 hobgoblins
  6 jackals
  4 kobolds
  A ball python (D:1)
  4 frilled lizards
  6 rats
67 creatures vanquished.

Notes
Turn   | Place    | Note
-------+----------+-------------------------------------------
     0 | D:1      | loralnil the Formicid Fighter began the quest for the Orb.
     0 | D:1      | Reached XP level 1. HP: 18/18 MP: 1/1
   185 | D:1      | Reached XP level 2. HP: 15/24 MP: 2/2
   833 | D:2      | Reached XP level 3. HP: 28/29 MP: 3/3
  1156 | D:2      | Reached XP level 4. HP: 28/36 MP: 4/4
  1269 | D:2      | Found a faded altar of an unknown god.
  1645 | D:3      | Reached XP level 5. HP: 27/42 MP: 5/5
  1682 | D:3      | Found a shadowy altar of Dithmenos.
  1823 | D:3      | Noticed an ogre
  1826 | D:3      | Killed an ogre
  1915 | D:3      | Reached XP level 6. HP: 48/48 MP: 6/6
  1925 | D:3      | Found a white marble altar of Elyvilon.
  2019 | D:3      | Noticed Ijyb
  2045 | D:3      | Killed Ijyb
  2125 | D:3      | Noticed Terence
  2129 | D:3      | Killed Terence
  2319 | D:4      | Noticed an ogre
  2325 | D:4      | Mangled by an ogre

Skill      XL: |  1  2  3  4  5 |
---------------+----------------+-----
Shields        | 4 |  4.9
Axes           | 3 4 |  4.5
Fighting       | 4 |  4.1
Armour         | 4 |  4.0
Dodging        | |  0.1
Stealth        | |  0.3

Action                   |  1- 3 |  4- 6 || total
-------------------------+-------+-------++-------
Melee: War axe           |    92 |    95 ||   187
       Unarmed           |       |    29 ||    29
  Use: Scroll            |     3 |     4 ||     7
  Eat: Chunk             |     1 |     4 ||     5
Armor: Scale mail        |    38 |       ||    38
       Plate armour      |     2 |    59 ||    61
       Skin              |       |     8 ||     8
Dodge: Dodged            |    30 |    35 ||    65
Block: Shield            |    54 |    42 ||    96
